Sharks vs Sabres

Created - March 7, 2015 at 13:07

Goals
1 2 3 T
Sharks 0 0 1 1
Sabres 1 3 2 6
Shots
1 2 3 T
Sharks 12 4 7 23
Sabres 4 11 10 25

1st period

1. Sabres , Thomas Vanek 23 (Kyle Turris, Johnny Oduya) at 19:27

Penalties :
Francois Beauchemin (BUF) for Interference (Minor) at 3:05

2nd period

2. Sabres , Kyle Turris 23 (Francois Beauchemin, Brad Boyes) at 3:01 (PP)
3. Sabres , Jason Pominville 24 (Johnny Oduya, Kyle Turris) at 4:51
4. Sabres , Kyle Turris 24 (Oliver Ekman-Larsson, Francois Beauchemin) at 14:48 (PP)

Penalties :
Colin Fraser (SJS) for Holding (Minor) at 2:23, Mark Pysyk (SJS) for Interference (Minor) at 5:41, Colin Fraser (SJS) for Roughing (Minor) at 14:10

3rd period

5. Sabres , Kyle Turris 25 (Thomas Vanek, Oliver Ekman-Larsson) at 3:39
6. Sabres , Oliver Ekman-Larsson 16 (Thomas Vanek) at 5:34 (PP)
7. Sharks , Viktor Stalberg 6 (Matt Beleskey, Stephen Weiss) at 16:29

Penalties :
Thomas Vanek (BUF) for Charging (Minor) at 0:28, Josh Gorges (BUF) for Interference (Minor) at 1:17, Cory Sarich (SJS) for Tripping (Minor) at 3:42, Francois Beauchemin (BUF) for Slashing (Minor) at 13:17, Brooks Laich (SJS) for Interference (Minor) at 13:17

Goalie Stats

Jonas Hiller (SJS), 8 saves from 12 shots - (0.667), L, 16-24-6, 34:48 minutes
Martin Brodeur (SJS), 11 saves from 13 shots - (0.846), 25:12 minutes
Ondrej Pavelec (BUF), 22 saves from 23 shots - (0.957), W, 25-21-3, 60:00 minutes

Players Stats for Sharks

Player Name              G  A  P  +/- PIM S  H  SB GA TA FO     MP     PP MP  PK MP  
------------------------------------------------------------------------------------
Brooks Laich             0  0  0   0  2   0  0  0  0  0  0/1     9:17   0:00   0:16 
Chris Butler             0  0  0   0  0   2  0  0  0  0  0/0     7:26   1:01   0:00 
Colin Fraser             0  0  0  -1  4   2  3  0  0  0  10/16  14:18   0:00   0:00 
Cory Sarich              0  0  0  -2  2   1  5  1  0  0  0/0    24:36   2:23   2:05 
Drew Stafford            0  0  0   0  0   2  0  0  0  0  1/2    19:53   2:33   3:13 
Jannik Hansen            0  0  0  -1  0   2  1  0  0  0  0/2    19:47   2:33   1:54 
Joe Corvo                0  0  0  -1  0   0  0  1  0  0  0/0    23:44   1:23   2:10 
Justin Falk              0  0  0  -1  0   2  0  1  0  0  0/0    23:10   2:24   2:06 
Kris Newbury             0  0  0  -1  0   1  0  0  0  0  6/11    9:04   0:00   0:00 
Mark Pysyk               0  0  0  -2  2   0  1  0  0  0  0/0    20:34   0:00   0:46 
Martin Havlat            0  0  0  -1  0   2  0  0  0  0  0/1    16:34   2:14   0:00 
Matt Beleskey            0  1  1   0  0   1  4  0  0  0  0/1    16:42   2:14   1:54 
Michael Kostka           0  0  0   1  0   1  1  1  0  0  0/0    19:15   2:23   2:51 
Mike Sislo               0  0  0  -1  0   0  0  0  0  0  0/0     8:05   0:00   0:00 
Nikolai Kulemin          0  0  0   0  0   0  2  0  0  0  1/2    14:07   0:00   0:00 
Rich Peverley            0  0  0   0  0   3  0  0  0  0  12/20  20:34   2:14   3:13 
Stephen Weiss            0  1  1   0  0   0  0  0  0  0  10/17  14:08   2:33   0:00 
Viktor Stalberg          1  0  1   0  0   4  0  1  0  0  0/0    11:35   0:00   0:00 

Players Stats for Sabres

Player Name              G  A  P  +/- PIM S  H  SB GA TA FO     MP     PP MP  PK MP  
------------------------------------------------------------------------------------
Brad Boyes               0  1  1   0  0   0  1  0  0  0  0/0    19:01   3:28   0:50 
Brad Stuart              0  0  0   0  0   0  1  0  0  0  0/0    16:52   0:00   2:56 
Brayden Schenn           0  0  0   0  0   0  5  0  0  0  1/1    16:22   1:39   0:00 
Braydon Coburn           0  0  0   1  0   2  4  0  0  0  0/0    23:16   1:32   1:01 
Daniel Winnik            0  0  0   0  0   1  0  0  0  0  1/2    12:55   0:00   2:27 
Francois Beauchemin      0  2  2   1  4   0  1  0  0  0  0/0    19:14   3:35   1:47 
Jason Pominville         1  0  1   3  0   4  0  0  0  0  0/1    19:28   1:39   0:00 
Johnny Oduya             0  2  2   1  0   0  0  0  0  0  0/0    20:41   0:00   2:07 
Jonathan Huberdeau       0  0  0  -1  0   2  1  0  0  0  2/4     5:33   0:00   0:00 
Jordan Staal             0  0  0   0  0   2  3  0  0  0  7/18   17:58   1:39   1:10 
Josh Gorges              0  0  0   0  2   1  1  0  0  0  0/0    16:53   1:32   0:37 
Kris Versteeg            0  0  0   0  0   1  0  0  0  0  1/2    11:38   0:00   1:10 
Kyle Turris              3  2  5   3  0   5  2  0  0  0  12/23  22:24   3:28   0:00 
Nino Niederreiter        0  0  0  -1  0   0  0  0  0  0  0/0     5:33   0:00   0:00 
Oliver Ekman-Larsson     1  2  3   1  0   1  3  1  0  0  0/0    22:58   3:35   1:02 
Paul Byron               0  0  0  -1  0   3  0  0  0  0  0/0     5:33   0:00   0:00 
Paul Gaustad             0  0  0   0  0   0  0  0  0  0  9/20   13:18   0:00   2:50 
Thomas Vanek             1  2  3   3  2   3  3  0  0  0  0/2    22:23   3:28   0:00 

3 Stars

1 - Kyle Turris (BUF)
2 - Thomas Vanek (BUF)
3 - Oliver Ekman-Larsson (BUF)

Power Play

Sharks - 0 on 3 Attempt(s) - 0.00%
Sabres - 3 on 4 Attempt(s) - 75.00%

Penalty Kill

Sharks - 1 on 4 Attempt(s) - 25.00% - Score 0 goal in Penalty Kill
Sabres - 3 on 3 Attempt(s) - 100.00% - Score 0 goal in Penalty Kill

Team Stat

Sharks - Hits : 17 - Faceoff Wins : 40 - Blocked Shots : 5 - Penalty Minutes : 10
Sabres - Hits : 25 - Faceoff Wins : 33 - Blocked Shots : 1 - Penalty Minutes : 8

Official

Referees : Brad Meier and Kyle Rehman
Linesman : Brian Murphy and Derek Nansen

Game Notes

Chris Butler is injured at 17:47 of 1st period (Bruised Right Leg)
Martin Brodeur enters game at 14:48 of 2nd period
Kyle Turris has scored a Hat Trick!

Finance

Level 1 -- Attendance: 5951 (91.55%) -- Ticket Income $535,590
Level 2 -- Attendance: 5000 (100.00%) -- Ticket Income $375,000
Level 3 -- Attendance: 3396 (97.03%) -- Ticket Income $186,780
Level 4 -- Attendance: 2690 (100.00%) -- Ticket Income $94,150
Luxury Box -- Attendance: 1000 (100.00%) -- Ticket Income $200,000
Game was played at the First Niagara Center'
Total Attendance: 18037 (96.51%)
Total Ticket Income: $1,391,520
Other Income: $208,728
Total Income: $1,600,248

% Time on Ice - Sharks

Lines # - Real PCT - Wanted PCT - Time Play
Normal Forward
1 - 30% - 30% - 14:20
2 - 29% - 30% - 14:07
3 - 24% - 25% - 11:35
4 - 17% - 15% - 8:05
Normal Defense
1 - 38% - 40% - 18:23
2 - 26% - 35% - 12:21
3 - 21% - 25% - 9:52
4 - 16% - 0% - 7:31
PP Forward
1 - 53% - 50% - 2:33
2 - 47% - 50% - 2:14
PP Defense
1 - 50% - 60% - 2:24
2 - 50% - 40% - 2:23
PK Forward
1 - 63% - 55% - 3:13
2 - 37% - 45% - 1:54
PK Defense
1 - 62% - 55% - 3:11
2 - 38% - 45% - 1:56
PK3 Forward
1 - 0% - 60%
2 - 0% - 40%
PK3 Defense
1 - 0% - 60%
2 - 0% - 40%
44 Forward
1 - 50% - 55% - 1:00
2 - 50% - 45% - 0:59
44 Defense
1 - 100% - 55% - 1:59
2 - 0% - 45% - 0:00
Last Minute Offensive  - 0:00
Last Minute Defensive  - 0:00
Total
Forward - 60:00
Defense - 60:00

% Time on Ice - Sabres

Lines # - Real PCT - Wanted PCT - Time Play
Normal Forward
1 - 36% - 40% - 17:23
2 - 31% - 30% - 14:43
3 - 22% - 20% - 10:28
4 - 12% - 10% - 5:33
Normal Defense
1 - 35% - 40% - 16:48
2 - 29% - 30% - 13:54
3 - 28% - 20% - 13:30
4 - 8% - 10% - 3:55
PP Forward
1 - 68% - 60% - 3:28
2 - 32% - 40% - 1:39
PP Defense
1 - 70% - 60% - 3:35
2 - 30% - 40% - 1:32
PK Forward
1 - 68% - 60% - 2:27
2 - 32% - 40% - 1:10
PK Defense
1 - 70% - 60% - 2:32
2 - 30% - 40% - 1:05
PK3 Forward
1 - 86% - 60% - 1:00
2 - 14% - 40% - 0:10
PK3 Defense
1 - 56% - 60% - 0:39
2 - 44% - 40% - 0:31
44 Forward
1 - 78% - 60% - 1:33
2 - 22% - 40% - 0:26
44 Defense
1 - 39% - 60% - 0:47
2 - 61% - 40% - 1:12
Last Minute Offensive  - 0:00
Last Minute Defensive  - 0:00
Total
Forward - 60:00
Defense - 60:00

Play by Play

1st period


0:01 of 1st period - Colin Fraser wins face-off versus Thomas Vanek in neutral zone.
0:05 of 1st period - Joe Corvo is hit by Braydon Coburn.
0:13 of 1st period - Shot by Martin Havlat.
0:13 of 1st period - Shot Misses the Net.
1:00 of 1st period - Drew Stafford is hit by Braydon Coburn and loses puck.
1:14 of 1st period - Nikolai Kulemin is hit by Braydon Coburn and loses puck.
1:31 of 1st period - Rich Peverley is hit by Thomas Vanek and loses puck.
2:39 of 1st period - Off-side.
2:40 of 1st period - Jordan Staal wins face-off versus Colin Fraser in neutral zone.
3:05 of 1st period - Minor Penalty to Francois Beauchemin for Interference.
3:06 of 1st period - Stephen Weiss wins face-off versus Paul Gaustad in Sabres zone.
3:15 of 1st period - Shot by Michael Kostka.
3:15 of 1st period - Shot Misses the Net.
3:32 of 1st period - Off-side.
3:33 of 1st period - Rich Peverley wins face-off versus Kris Versteeg in neutral zone.
3:38 of 1st period - Shot by Justin Falk.
3:38 of 1st period - Stopped by Ondrej Pavelec without a rebound.
3:39 of 1st period - Paul Gaustad wins face-off versus Rich Peverley in Sabres zone.
3:50 of 1st period - Shot by Rich Peverley.
3:50 of 1st period - Stopped by Ondrej Pavelec without a rebound.
3:51 of 1st period - Paul Gaustad wins face-off versus Stephen Weiss in Sabres zone.
4:05 of 1st period - Shot by Jannik Hansen.
4:05 of 1st period - Shot Misses the Net.
4:15 of 1st period - Shot by Chris Butler.
4:15 of 1st period - Stopped by Ondrej Pavelec with a rebound.
5:06 of 1st period - Icing by Martin Havlat.
5:07 of 1st period - Kris Newbury wins face-off versus Jonathan Huberdeau in Sharks zone.
5:07 of 1st period - Kris Newbury is hit by Jonathan Huberdeau.
5:12 of 1st period - Joe Corvo is hit by Francois Beauchemin and loses puck.
6:18 of 1st period - Icing by Mark Pysyk.
6:19 of 1st period - Rich Peverley wins face-off versus Paul Gaustad in Sharks zone.
6:28 of 1st period - Shot by Rich Peverley.
6:28 of 1st period - Stopped by Ondrej Pavelec with a rebound.
6:38 of 1st period - Shot by Nikolai Kulemin.
6:38 of 1st period - Shot Blocked by Oliver Ekman-Larsson.
6:40 of 1st period - Shot by Nikolai Kulemin.
6:40 of 1st period - Shot Misses the Net.
7:02 of 1st period - Nikolai Kulemin is hit by Oliver Ekman-Larsson and loses puck.
7:10 of 1st period - Icing by Braydon Coburn.
7:11 of 1st period - Stephen Weiss wins face-off versus Paul Gaustad in Sabres zone.
7:14 of 1st period - Shot by Matt Beleskey.
7:14 of 1st period - Shot Misses the Net.
8:01 of 1st period - Icing by Daniel Winnik.
8:02 of 1st period - Paul Gaustad wins face-off versus Colin Fraser in Sabres zone.
8:14 of 1st period - Icing by Cory Sarich.
8:15 of 1st period - Colin Fraser wins face-off versus Jordan Staal in Sharks zone.
9:21 of 1st period - Shot by Rich Peverley.
9:21 of 1st period - Shot Misses the Net.
10:05 of 1st period - Shot by Paul Byron.
10:05 of 1st period - Deflect By Jonathan Huberdeau.
10:05 of 1st period - Stopped by Jonas Hiller with a rebound.
11:29 of 1st period - Josh Gorges is hit by Matt Beleskey and loses puck.
11:53 of 1st period - Shot by Jannik Hansen.
11:53 of 1st period - Stopped by Ondrej Pavelec with a rebound.
12:23 of 1st period - Jason Pominville is hit by Colin Fraser and loses puck.
13:21 of 1st period - Shot by Nino Niederreiter.
13:21 of 1st period - Deflect By Paul Byron.
13:21 of 1st period - Shot Misses the Net.
13:23 of 1st period - Shot by Braydon Coburn.
13:23 of 1st period - Stopped by Jonas Hiller without a rebound.
13:24 of 1st period - Rich Peverley wins face-off versus Jordan Staal in Sharks zone.
13:30 of 1st period - Shot by Nikolai Kulemin.
13:30 of 1st period - Shot Misses the Net.
13:32 of 1st period - Shot by Chris Butler.
13:32 of 1st period - Stopped by Ondrej Pavelec with a rebound.
13:40 of 1st period - Shot by Drew Stafford.
13:40 of 1st period - Shot Misses the Net.
13:42 of 1st period - Shot by Rich Peverley.
13:42 of 1st period - Shot Misses the Net.
13:44 of 1st period - Shot by Nikolai Kulemin.
13:44 of 1st period - Shot Misses the Net.
14:26 of 1st period - Icing by Braydon Coburn.
14:27 of 1st period - Stephen Weiss wins face-off versus Paul Gaustad in Sabres zone.
14:50 of 1st period - Shot by Viktor Stalberg.
14:50 of 1st period - Stopped by Ondrej Pavelec without a rebound.
14:51 of 1st period - Colin Fraser wins face-off versus Kyle Turris in Sabres zone.
14:58 of 1st period - Shot by Martin Havlat.
14:58 of 1st period - Shot Misses the Net.
15:02 of 1st period - Shot by Cory Sarich.
15:02 of 1st period - Shot Misses the Net.
15:04 of 1st period - Shot by Cory Sarich.
15:04 of 1st period - Shot Misses the Net.
15:14 of 1st period - Shot by Colin Fraser.
15:14 of 1st period - Stopped by Ondrej Pavelec with a rebound.
15:16 of 1st period - Shot by Martin Havlat.
15:16 of 1st period - Shot Misses the Net.
15:18 of 1st period - Shot by Jannik Hansen.
15:18 of 1st period - Stopped by Ondrej Pavelec without a rebound.
15:19 of 1st period - Jordan Staal wins face-off versus Rich Peverley in Sabres zone.
15:26 of 1st period - Drew Stafford is hit by Brayden Schenn and loses puck.
16:16 of 1st period - Justin Falk is hit by Thomas Vanek.
16:28 of 1st period - Shot by Thomas Vanek.
16:28 of 1st period - Shot Blocked by Justin Falk.
16:30 of 1st period - Shot by Jason Pominville.
16:30 of 1st period - Stopped by Jonas Hiller without a rebound.
16:31 of 1st period - Colin Fraser wins face-off versus Paul Gaustad in Sharks zone.
16:36 of 1st period - Shot by Martin Havlat.
16:36 of 1st period - Stopped by Ondrej Pavelec without a rebound.
16:37 of 1st period - Colin Fraser wins face-off versus Kyle Turris in Sabres zone.
17:46 of 1st period - Chris Butler is hit by Brad Stuart and loses puck.
17:47 of 1st period - Chris Butler from Sharks is injured at 17:47 of 1st period (Bruised Right Leg).
17:48 of 1st period - Stephen Weiss wins face-off versus Paul Gaustad in Sabres zone.
17:49 of 1st period - Shot by Viktor Stalberg.
17:49 of 1st period - Stopped by Ondrej Pavelec without a rebound.
17:50 of 1st period - Stephen Weiss wins face-off versus Jordan Staal in Sabres zone.
18:11 of 1st period - Shot by Jordan Staal.
18:11 of 1st period - Shot Misses the Net.
18:17 of 1st period - Shot by Brayden Schenn.
18:17 of 1st period - Shot Blocked by Cory Sarich.
18:33 of 1st period - Shot by Oliver Ekman-Larsson.
18:33 of 1st period - Shot Misses the Net.
18:35 of 1st period - Shot by Oliver Ekman-Larsson.
18:35 of 1st period - Shot Misses the Net.
19:23 of 1st period - Shot by Kyle Turris.
19:23 of 1st period - Shot Blocked by Viktor Stalberg.
19:25 of 1st period - Shot by Kyle Turris.
19:25 of 1st period - Shot Misses the Net.
19:27 of 1st period - Shot by Thomas Vanek.
19:27 of 1st period - Goal by Thomas Vanek - Sharks : 0 - Sabres : 1.
19:28 of 1st period - Rich Peverley wins face-off versus Paul Gaustad in neutral zone.
19:51 of 1st period - Shot by Daniel Winnik.
19:51 of 1st period - Shot Misses the Net.
19:57 of 1st period - Shot by Rich Peverley.
19:57 of 1st period - Deflect By Nikolai Kulemin.
19:57 of 1st period - Shot Misses the Net.
19:59 of 1st period - Shot by Justin Falk.
19:59 of 1st period - Stopped by Ondrej Pavelec without a rebound.
Goals for this period are 0 for Sharks vs 1 for Sabres.
Shots for this period are 12 for Sharks vs 4 for Sabres.

2nd period


0:01 of 2nd period - Kyle Turris wins face-off versus Colin Fraser in neutral zone.
1:03 of 2nd period - Icing by Brooks Laich.
1:04 of 2nd period - Brayden Schenn wins face-off versus Kris Newbury in Sharks zone.
1:47 of 2nd period - Nikolai Kulemin is hit by Brayden Schenn and loses puck.
2:23 of 2nd period - Minor Penalty to Colin Fraser for Holding.
2:24 of 2nd period - Kyle Turris wins face-off versus Jannik Hansen in Sharks zone.
2:30 of 2nd period - Kyle Turris is hit by Cory Sarich and loses puck.
2:57 of 2nd period - Shot by Kyle Turris.
2:57 of 2nd period - Shot Misses the Net.
2:59 of 2nd period - Shot by Brad Boyes.
2:59 of 2nd period - Shot Misses the Net.
3:01 of 2nd period - Shot by Francois Beauchemin.
3:01 of 2nd period - Deflect By Kyle Turris.
3:01 of 2nd period - Goal by Kyle Turris - Sharks : 0 - Sabres : 2.
3:02 of 2nd period - Rich Peverley wins face-off versus Jonathan Huberdeau in neutral zone.
3:15 of 2nd period - Shot by Drew Stafford.
3:15 of 2nd period - Deflect By Rich Peverley.
3:15 of 2nd period - Stopped by Ondrej Pavelec with a rebound.
4:45 of 2nd period - Icing by Cory Sarich.
4:46 of 2nd period - Kyle Turris wins face-off versus Martin Havlat in Sharks zone.
4:51 of 2nd period - Shot by Jason Pominville.
4:51 of 2nd period - Goal by Jason Pominville - Sharks : 0 - Sabres : 3.
4:52 of 2nd period - Kyle Turris wins face-off versus Matt Beleskey in neutral zone.
4:57 of 2nd period - Shot by Thomas Vanek.
4:57 of 2nd period - Shot Misses the Net.
4:59 of 2nd period - Shot by Oliver Ekman-Larsson.
4:59 of 2nd period - Shot Blocked by Michael Kostka.
5:03 of 2nd period - Shot by Braydon Coburn.
5:03 of 2nd period - Stopped by Jonas Hiller with a rebound.
5:08 of 2nd period - Icing by Mark Pysyk.
5:09 of 2nd period - Jordan Staal wins face-off versus Stephen Weiss in Sharks zone.
5:41 of 2nd period - Minor Penalty to Mark Pysyk for Interference.
5:42 of 2nd period - Kyle Turris wins face-off versus Rich Peverley in Sharks zone.
5:49 of 2nd period - Shot by Josh Gorges.
5:49 of 2nd period - Shot Misses the Net.
5:59 of 2nd period - Shot by Josh Gorges.
5:59 of 2nd period - Shot Misses the Net.
6:09 of 2nd period - Shot by Braydon Coburn.
6:09 of 2nd period - Shot Misses the Net.
6:11 of 2nd period - Shot by Josh Gorges.
6:11 of 2nd period - Stopped by Jonas Hiller without a rebound.
6:12 of 2nd period - Drew Stafford wins face-off versus Jordan Staal in Sharks zone.
6:12 of 2nd period - Drew Stafford is hit by Jordan Staal.
6:54 of 2nd period - Shot by Francois Beauchemin.
6:54 of 2nd period - Shot Blocked by Joe Corvo.
7:41 of 2nd period - Shot by Kyle Turris.
7:41 of 2nd period - Stopped by Jonas Hiller without a rebound.
7:42 of 2nd period - Paul Gaustad wins face-off versus Brooks Laich in Sharks zone.
8:02 of 2nd period - Icing by Justin Falk.
8:03 of 2nd period - Jonathan Huberdeau wins face-off versus Kris Newbury in Sharks zone.
8:12 of 2nd period - Shot by Jonathan Huberdeau.
8:12 of 2nd period - Stopped by Jonas Hiller without a rebound.
8:13 of 2nd period - Paul Gaustad wins face-off versus Colin Fraser in Sharks zone.
8:31 of 2nd period - Shot by Jannik Hansen.
8:31 of 2nd period - Shot Misses the Net.
9:32 of 2nd period - Shot by Thomas Vanek.
9:32 of 2nd period - Stopped by Jonas Hiller without a rebound.
9:33 of 2nd period - Stephen Weiss wins face-off versus Jordan Staal in Sharks zone.
9:33 of 2nd period - Mark Pysyk is hit by Brayden Schenn and loses puck.
10:31 of 2nd period - Michael Kostka is hit by Jordan Staal and loses puck.
10:54 of 2nd period - Shot by Colin Fraser.
10:54 of 2nd period - Stopped by Ondrej Pavelec without a rebound.
10:55 of 2nd period - Kyle Turris wins face-off versus Nikolai Kulemin in Sabres zone.
12:19 of 2nd period - Johnny Oduya is hit by Colin Fraser and loses puck.
12:43 of 2nd period - Paul Byron is hit by Cory Sarich and loses puck.
13:12 of 2nd period - Icing by Josh Gorges.
13:13 of 2nd period - Rich Peverley wins face-off versus Paul Gaustad in Sabres zone.
13:22 of 2nd period - Shot by Nikolai Kulemin.
13:22 of 2nd period - Shot Misses the Net.
13:24 of 2nd period - Shot by Nikolai Kulemin.
13:24 of 2nd period - Shot Misses the Net.
13:38 of 2nd period - Icing by Nikolai Kulemin.
13:39 of 2nd period - Rich Peverley wins face-off versus Jordan Staal in Sharks zone.
13:50 of 2nd period - Shot by Nikolai Kulemin.
13:50 of 2nd period - Shot Misses the Net.
14:07 of 2nd period - Icing by Brad Boyes.
14:08 of 2nd period - Colin Fraser wins face-off versus Jordan Staal in Sabres zone.
14:08 of 2nd period - Martin Havlat is hit by Oliver Ekman-Larsson and loses puck.
14:10 of 2nd period - Minor Penalty to Colin Fraser for Roughing.
14:11 of 2nd period - Rich Peverley wins face-off versus Kyle Turris in Sharks zone.
14:48 of 2nd period - Shot by Kyle Turris.
14:48 of 2nd period - Goal by Kyle Turris - Sharks : 0 - Sabres : 4.
14:48 of 2nd period - Martin Brodeur enters game.
14:49 of 2nd period - Paul Gaustad wins face-off versus Colin Fraser in neutral zone.
15:47 of 2nd period - Icing by Michael Kostka.
15:48 of 2nd period - Colin Fraser wins face-off versus Kyle Turris in Sharks zone.
15:48 of 2nd period - Colin Fraser is hit by Kyle Turris.
15:59 of 2nd period - Shot by Jason Pominville.
15:59 of 2nd period - Stopped by Martin Brodeur without a rebound.
16:00 of 2nd period - Jordan Staal wins face-off versus Stephen Weiss in Sharks zone.
16:24 of 2nd period - Icing by Viktor Stalberg.
16:25 of 2nd period - Stephen Weiss wins face-off versus Kyle Turris in Sharks zone.
17:24 of 2nd period - Nikolai Kulemin is hit by Brayden Schenn and loses puck.
17:29 of 2nd period - Shot by Francois Beauchemin.
17:29 of 2nd period - Shot Misses the Net.
18:01 of 2nd period - Brooks Laich is hit by Brayden Schenn and loses puck.
18:12 of 2nd period - Shot by Nino Niederreiter.
18:12 of 2nd period - Shot Misses the Net.
18:16 of 2nd period - Shot by Paul Byron.
18:16 of 2nd period - Stopped by Martin Brodeur with a rebound.
18:38 of 2nd period - Shot by Paul Byron.
18:38 of 2nd period - Stopped by Martin Brodeur without a rebound.
18:39 of 2nd period - Stephen Weiss wins face-off versus Jason Pominville in Sharks zone.
18:55 of 2nd period - Icing by Mark Pysyk.
18:56 of 2nd period - Kris Versteeg wins face-off versus Stephen Weiss in Sharks zone.
19:05 of 2nd period - Francois Beauchemin is hit by Matt Beleskey and loses puck.
19:10 of 2nd period - Shot by Matt Beleskey.
19:10 of 2nd period - Stopped by Ondrej Pavelec without a rebound.
19:11 of 2nd period - Colin Fraser wins face-off versus Thomas Vanek in Sabres zone.
19:12 of 2nd period - Shot by Martin Havlat.
19:12 of 2nd period - Stopped by Ondrej Pavelec without a rebound.
19:13 of 2nd period - Colin Fraser wins face-off versus Kyle Turris in Sabres zone.
Goals for this period are 0 for Sharks vs 3 for Sabres.
Shots for this period are 4 for Sharks vs 11 for Sabres.

3rd period


0:01 of 3rd period - Kyle Turris wins face-off versus Drew Stafford in neutral zone.
0:10 of 3rd period - Rich Peverley is hit by Oliver Ekman-Larsson and loses puck.
0:28 of 3rd period - Minor Penalty to Thomas Vanek for Charging.
0:29 of 3rd period - Daniel Winnik wins face-off versus Stephen Weiss in Sabres zone.
0:42 of 3rd period - Shot by Joe Corvo.
0:42 of 3rd period - Shot Misses the Net.
1:17 of 3rd period - Minor Penalty to Josh Gorges for Interference.
1:18 of 3rd period - Rich Peverley wins face-off versus Paul Gaustad in Sabres zone.
1:21 of 3rd period - Shot by Cory Sarich.
1:21 of 3rd period - Stopped by Ondrej Pavelec without a rebound.
1:22 of 3rd period - Rich Peverley wins face-off versus Paul Gaustad in Sabres zone.
1:22 of 3rd period - Rich Peverley is hit by Braydon Coburn.
2:20 of 3rd period - Shot by Paul Gaustad.
2:20 of 3rd period - Shot Misses the Net.
2:45 of 3rd period - Shot by Daniel Winnik.
2:45 of 3rd period - Stopped by Martin Brodeur without a rebound.
2:46 of 3rd period - Stephen Weiss wins face-off versus Daniel Winnik in Sharks zone.
2:46 of 3rd period - Stephen Weiss is hit by Brad Boyes.
3:00 of 3rd period - Shot by Joe Corvo.
3:00 of 3rd period - Shot Misses the Net.
3:21 of 3rd period - Off-side.
3:22 of 3rd period - Kris Newbury wins face-off versus Kyle Turris in neutral zone.
3:27 of 3rd period - Shot by Kris Newbury.
3:27 of 3rd period - Stopped by Ondrej Pavelec without a rebound.
3:28 of 3rd period - Kris Newbury wins face-off versus Kyle Turris in Sabres zone.
3:37 of 3rd period - Shot by Thomas Vanek.
3:37 of 3rd period - Shot Misses the Net.
3:39 of 3rd period - Shot by Kyle Turris.
3:39 of 3rd period - Goal by Kyle Turris - Sharks : 0 - Sabres : 5.
3:40 of 3rd period - Jordan Staal wins face-off versus Rich Peverley in neutral zone.
3:42 of 3rd period - Minor Penalty to Cory Sarich for Tripping.
3:43 of 3rd period - Kyle Turris wins face-off versus Rich Peverley in Sharks zone.
4:11 of 3rd period - Oliver Ekman-Larsson is hit by Matt Beleskey and loses puck.
5:12 of 3rd period - Shot by Brayden Schenn.
5:12 of 3rd period - Deflect By Jordan Staal.
5:12 of 3rd period - Stopped by Martin Brodeur with a rebound.
5:14 of 3rd period - Shot by Jordan Staal.
5:14 of 3rd period - Stopped by Martin Brodeur without a rebound.
5:15 of 3rd period - Kyle Turris wins face-off versus Jannik Hansen in Sharks zone.
5:19 of 3rd period - Kyle Turris is hit by Mark Pysyk and loses puck.
5:34 of 3rd period - Shot by Oliver Ekman-Larsson.
5:34 of 3rd period - Goal by Oliver Ekman-Larsson - Sharks : 0 - Sabres : 6.
5:35 of 3rd period - Kris Newbury wins face-off versus Paul Gaustad in neutral zone.
5:48 of 3rd period - Shot by Brooks Laich.
5:48 of 3rd period - Shot Misses the Net.
6:09 of 3rd period - Kris Versteeg is hit by Cory Sarich and loses puck.
6:25 of 3rd period - Icing by Kris Newbury.
6:26 of 3rd period - Kyle Turris wins face-off versus Kris Newbury in Sharks zone.
6:51 of 3rd period - Shot by Kyle Turris.
6:51 of 3rd period - Shot Misses the Net.
6:53 of 3rd period - Shot by Thomas Vanek.
6:53 of 3rd period - Stopped by Martin Brodeur without a rebound.
6:54 of 3rd period - Rich Peverley wins face-off versus Jordan Staal in Sharks zone.
7:03 of 3rd period - Shot by Drew Stafford.
7:03 of 3rd period - Stopped by Ondrej Pavelec with a rebound.
7:06 of 3rd period - Icing by Francois Beauchemin.
7:07 of 3rd period - Jordan Staal wins face-off versus Colin Fraser in Sabres zone.
7:07 of 3rd period - Jordan Staal is hit by Colin Fraser.
7:15 of 3rd period - Icing by Justin Falk.
7:16 of 3rd period - Colin Fraser wins face-off versus Kyle Turris in Sharks zone.
7:16 of 3rd period - Colin Fraser is hit by Thomas Vanek.
7:31 of 3rd period - Off-side.
7:32 of 3rd period - Nikolai Kulemin wins face-off versus Jordan Staal in neutral zone.
8:22 of 3rd period - Jordan Staal is hit by Matt Beleskey and loses puck.
8:45 of 3rd period - Shot by Matt Beleskey.
8:45 of 3rd period - Shot Misses the Net.
8:47 of 3rd period - Shot by Michael Kostka.
8:47 of 3rd period - Stopped by Ondrej Pavelec with a rebound.
8:57 of 3rd period - Michael Kostka is hit by Jordan Staal and loses puck.
10:02 of 3rd period - Shot by Oliver Ekman-Larsson.
10:02 of 3rd period - Shot Misses the Net.
10:04 of 3rd period - Shot by Kyle Turris.
10:04 of 3rd period - Shot Misses the Net.
10:16 of 3rd period - Shot by Kyle Turris.
10:16 of 3rd period - Stopped by Martin Brodeur without a rebound.
10:17 of 3rd period - Paul Gaustad wins face-off versus Rich Peverley in Sharks zone.
10:26 of 3rd period - Shot by Kris Versteeg.
10:26 of 3rd period - Stopped by Martin Brodeur without a rebound.
10:27 of 3rd period - Jonathan Huberdeau wins face-off versus Kris Newbury in Sharks zone.
10:32 of 3rd period - Shot by Paul Byron.
10:32 of 3rd period - Stopped by Martin Brodeur without a rebound.
10:33 of 3rd period - Paul Gaustad wins face-off versus Rich Peverley in Sharks zone.
10:35 of 3rd period - Kris Versteeg is hit by Cory Sarich.
10:40 of 3rd period - Kris Versteeg is hit by Cory Sarich and loses puck.
10:47 of 3rd period - Shot by Drew Stafford.
10:47 of 3rd period - Stopped by Ondrej Pavelec without a rebound.
10:48 of 3rd period - Kyle Turris wins face-off versus Stephen Weiss in Sabres zone.
12:37 of 3rd period - Icing by Josh Gorges.
12:38 of 3rd period - Paul Gaustad wins face-off versus Kris Newbury in Sabres zone.
12:50 of 3rd period - Icing by Mike Sislo.
12:51 of 3rd period - Kris Newbury wins face-off versus Jordan Staal in Sharks zone.
12:56 of 3rd period - Shot by Brooks Laich.
12:56 of 3rd period - Shot Misses the Net.
13:01 of 3rd period - Brad Boyes is hit by Michael Kostka and loses puck.
13:17 of 3rd period - Minor Penalty to Francois Beauchemin for Slashing.
13:17 of 3rd period - Minor Penalty to Brooks Laich for Interference.
13:18 of 3rd period - Kyle Turris wins face-off versus Rich Peverley in Sabres zone.
13:32 of 3rd period - Oliver Ekman-Larsson is hit by Jannik Hansen and loses puck.
14:30 of 3rd period - Icing by Mark Pysyk.
14:31 of 3rd period - Kris Newbury wins face-off versus Kyle Turris in Sharks zone.
14:31 of 3rd period - Kris Newbury is hit by Kyle Turris.
15:35 of 3rd period - Shot by Colin Fraser.
15:35 of 3rd period - Shot Misses the Net.
15:37 of 3rd period - Shot by Martin Havlat.
15:37 of 3rd period - Shot Misses the Net.
15:43 of 3rd period - Shot by Martin Havlat.
15:43 of 3rd period - Deflect By Colin Fraser.
15:43 of 3rd period - Shot Misses the Net.
16:10 of 3rd period - Nino Niederreiter is hit by Nikolai Kulemin and loses puck.
16:17 of 3rd period - Shot by Nikolai Kulemin.
16:17 of 3rd period - Shot Misses the Net.
16:19 of 3rd period - Shot by Mark Pysyk.
16:19 of 3rd period - Shot Misses the Net.
16:29 of 3rd period - Shot by Matt Beleskey.
16:29 of 3rd period - Deflect By Viktor Stalberg.
16:29 of 3rd period - Goal by Viktor Stalberg - Sharks : 1 - Sabres : 6.
16:30 of 3rd period - Stephen Weiss wins face-off versus Jordan Staal in neutral zone.
16:33 of 3rd period - Shot by Viktor Stalberg.
16:33 of 3rd period - Stopped by Ondrej Pavelec without a rebound.
16:34 of 3rd period - Jordan Staal wins face-off versus Stephen Weiss in Sabres zone.
17:03 of 3rd period - Shot by Jordan Staal.
17:03 of 3rd period - Shot Misses the Net.
17:48 of 3rd period - Shot by Jason Pominville.
17:48 of 3rd period - Stopped by Martin Brodeur without a rebound.
17:49 of 3rd period - Rich Peverley wins face-off versus Kyle Turris in Sharks zone.
17:57 of 3rd period - Brad Stuart is hit by Nikolai Kulemin and loses puck.
18:09 of 3rd period - Drew Stafford is hit by Josh Gorges and loses puck.
19:15 of 3rd period - Shot by Mark Pysyk.
19:15 of 3rd period - Shot Misses the Net.
19:17 of 3rd period - Shot by Mark Pysyk.
19:17 of 3rd period - Shot Misses the Net.
19:19 of 3rd period - Shot by Jannik Hansen.
19:19 of 3rd period - Shot Misses the Net.
Goals for this period are 1 for Sharks vs 2 for Sabres.
Shots for this period are 7 for Sharks vs 10 for Sabres.


Output by the SimonT Hockey Simulator (STHS) for Stephane Roy -- Original Page W3C XHTML 1.0 Valid
Hockey Simulator - Hockey Simulation - Hockey Manager